 Dungeon Crawl Stone Soup version 0.18.1-48-g4cf74bf (webtiles) character file.

80119 senseless the Severer (level 15, -34/139 HPs)
             Began as a Minotaur Fighter on Aug 2, 2016.
             Was the Champion of Okawaru.
             Killed from afar by a Tzitzimitl (73 damage)
             ... with a bolt of cold
             ... in Pandemonium on Aug 4, 2016.
             The game lasted 01:33:54 (16943 turns).

senseless the Severer (Minotaur Fighter)           Turns: 16943, Time: 01:33:55

Health: -34/139    AC: 27    Str: 25    XL:     15   Next: 22%
Magic:  0/4        EV: 16    Int:  9    God:    Okawaru [******]
Gold:   1110       SH: 22    Dex: 22    Spells: 0 memorised, 14 levels left

rFire  + . .     SeeInvis .     o - +8 broad axe of Distant Worlds {antimagic, Dex+9}
rCold  x . .     Gourm    .     Q - +4 storm dragon armour
rNeg   . . .     Faith    .     E - +0 large shield
rPois  .         Spirit   +     Y - +2 hat {Spirit}
rElec  +         Dismiss  .     D - +0 cloak of Greed {Int+2 Slay+2}
rCorr  .         Reflect  .     k - +2 pair of gloves {Str+3}
SustAt .         Harm     .     e - +0 pair of boots
MR     +....                    U - amulet of regeneration
Stlth  ..........               R - +3 ring of evasion
                                T - ring of fire

@: drained, somewhat resistant to hostile enchantments, extremely unstealthy
A: retaliatory headbutt, horns 2
a: Heroism, Finesse, Renounce Religion


You were in Pandemonium.
You worshipped Okawaru.
Okawaru was exalted by your worship.
You were not hungry.

You visited 2 branches of the dungeon, and saw 17 of its levels.
You visited Pandemonium 1 time, and saw 1 of its levels.
You also visited: Labyrinth.

You collected 1607 gold pieces.
You spent 497 gold pieces at shops.

Inventory:

Hand Weapons
 a - a +3 war axe
 o - the +8 broad axe of Distant Worlds (weapon) {antimagic, Dex+9}
   (Okawaru gifted it to you on level 11 of the Dungeon)

   It disrupts the flow of magical energy around spellcasters and certain
   magical creatures (including the wielder).
   It affects your dexterity (+9).
Missiles
 u - 8 javelins of penetration
 S - 11 javelins of returning (quivered)
Armour
 e - a +0 pair of boots (worn)
 k - a +2 pair of gloves of strength (worn)
 A - a +1 pair of gloves of strength
 D - the +0 cloak of Greed (worn) {Int+2 Slay+2}
   (You found it in a labyrinth)

   It affects your intelligence (+2).
   It affects your accuracy and damage with ranged weapons and melee attacks
   (+2).
 E - a +0 large shield (worn)
 Q - a +4 storm dragon armour (worn)
 Y - a +2 hat of spirit shield (worn)
Jewellery
 n - an uncursed ring of flight
 z - an uncursed ring of poison resistance
 P - an uncursed amulet of the gourmand
 R - a +3 ring of evasion (right hand)
 T - a ring of fire (left hand)
 U - an amulet of regeneration (around neck)
Wands
 g - a wand of digging (6/24)
 x - a wand of hasting (3/9)
Scrolls
 j - 3 scrolls of fear
 q - 4 scrolls of blinking
 v - 4 scrolls of recharging
 y - 7 scrolls of remove curse
 H - 2 scrolls of magic mapping
 K - 5 scrolls of teleportation
 L - 4 scrolls of identify
 V - a scroll of amnesia
Potions
 b - 6 potions of curing
 d - 2 potions of might
 p - 2 potions of cure mutation
 r - 3 potions of agility
 s - a potion of brilliance
 t - a potion of heal wounds
 B - 4 potions of flight
 C - 2 potions of cancellation
 I - a potion of magic
 M - a potion of haste
Books
 F - an Akashic Record

   Spells                             Type                      Level
   a - Dispersal                      Translocation                6
   b - Malign Gateway                 Summoning/Translocation      7
   c - Disjunction                    Translocation                8
   d - Controlled Blink               Translocation                8
 G - a book of Necromancy

   Spells                             Type                      Level
   a - Pain                           Necromancy                   1
   b - Animate Skeleton               Necromancy                   1
   c - Vampiric Draining              Necromancy                   3
   d - Regeneration                   Charms/Necromancy            3
   e - Animate Dead                   Necromancy                   4
   f - Control Undead                 Necromancy                   4
Comestibles
 c - 9 royal jellies
 f - 8 bread rations
 h - 3 fruits
 i - 4 beef jerkies
 m - 13 meat rations
 O - 2 slices of pizza


   Skills:
 + Level 14.5(13.9) Fighting
 + Level 17.8(17.1) Axes
 + Level 11.8(11.2) Armour
 + Level 8.4(7.9) Dodging
 + Level 1.7(1.3) Stealth
 + Level 16.5(15.9) Shields
 + Level 0.2(0.0) Invocations


You had 14 spell levels left.
You didn't know any spells.

Dungeon Overview and Level Annotations

Branches:
Dungeon (15/15)            Temple (0/1) D:7            Lair (0/8) D:8
    Orc (2/2) D:10            Elf (0/3) Orc:2        Vaults (0/5) D:14
 Depths (0/5) D:15

Altars:
Dithmenos
Fedhas
Kikubaaqudgha
Makhleb
Okawaru
Pakellas
Ru
Sif Muna
Vehumet
Xom
Yredelemnul
Zin
The Shining One
Beogh

Shops:
D:4 }*   D:6 ?*   D:7 !=}!   D:8 %   Orc:2 ?}%[

Portals:
Pandemonium: Orc:2


Innate Abilities, Weirdness & Mutations

You reflexively headbutt those who attack you in melee.
You have a pair of horns on your head.


Message History

The Tzitzimitl's magic leaks into the air.
Your headbutt misses the Tzitzimitl.
The Tzitzimitl is heavily wounded.
The Tzitzimitl falters for a moment.
Your storm dragon armour prevents you from hitting the Tzitzimitl.
Your headbutt misses the Tzitzimitl.
The Tzitzimitl is heavily wounded.
The Tzitzimitl barely misses you. You block the Tzitzimitl's attack. x2
You closely miss the Tzitzimitl. You headbutt the Tzitzimitl!
The Tzitzimitl is severely wounded.
The Tzitzimitl claws you.
The air around you putrefies into miasma!
You block the Tzitzimitl's attack. The Tzitzimitl misses you.
You slice the Tzitzimitl!!
The Tzitzimitl's magic leaks into the air.
The Tzitzimitl is almost dead.
The Tzitzimitl gestures at you. The bolt of cold hits you!
You feel a terrible chill!
Ouch! That really hurt!
You die...

..####### ....... ..... .
#..# .#
..########..#########..##
..................)2.....
...............).))......
..........§1########..###
..........§@# #
..........§§#
............#
#############


You could see a Tzitzimitl.

Vanquished Creatures
  Rupert (Orc:2)
  Frances (D:12)
  An orc warlord (Orc:1)
  The ghost of Ferkelamun the Markscentaur, a journeyman CeHu of Okawaru (D:12)
  A balrug (Pan)
  A reaper (Pan)
  A lorocyproca (Pan)
  Josephine (D:12)
  A minotaur (Lab)
  A green death (Pan)
  2 ettins
  4 vault guards (D:14)
  Erolcha (D:8)
  Erica (Orc:1)
  An ogre mage (D:14)
  2 hydras
  2 tengu warriors
  A centaur warrior (D:9)
  9 orc high priests
  A sun demon (Pan)
  A soul eater (Orc:2)
  Sonja (D:12)
  2 deep elf knights
  Nergalle (D:12)
  A hell knight (D:15)
  5 hill giants
  2 putrid demonspawn (Orc:2)
  A gelid demonspawn (Orc:2)
  A deep elf archer (D:15)
  Pikel (D:9)
  9 orc knights
  3 griffons
  A manticore (D:13)
  6 ugly things
  7 cyclopes
  A deep elf mage (Orc:2)
  6 orc sorcerers
  A sixfirhy (Pan)
  Maurice (Orc:1)
  3 centaur zombies (D:13)
  Joseph (D:11)
  2 gargoyles (D:14)
  2 kobold demonologists
  A yaktaur (shapeshifter) (D:15)
  6 rime drakes (D:14)
  A harpy zombie (D:14)
  A komodo dragon (D:12)
  2 tengu conjurers
  A hellwing (Orc:2)
  An ice devil (Orc:2)
  4 red devils
  5 trolls
  A queen bee (D:9)
  5 slime creatures (D:13)
  2 two-headed ogres
  Grinder (D:4)
  4 wyverns
  A shadow (D:12)
  15 yaks
  5 wraiths
  6 basilisks
  A chaos spawn (Orc:2)
  11 hippogriffs
  3 hungry ghosts
  3 wargs
  3 mottled dragons
  A hell hound (D:14)
  4 porcupines (D:8)
  47 orc warriors
  7 ice beasts
  2 eyes of draining
  3 sky beasts
  A wasp (D:15)
  2 necrophages
  4 phantoms
  8 ogres
  23 centaurs
  3 crocodiles (D:8)
  4 big kobolds
  6 giant frogs
  A wyvern zombie (D:14)
  9 scorpions
  3 wyvern skeletons
  A water moccasin skeleton (D:6)
  7 wights
  20 killer bees
  A howler monkey (D:14)
  4 crimson imps
  3 giant frog zombies
  A quasit (D:9)
  31 orc priests
  9 hounds
  5 jellies
  22 orc wizards
  Crazy Yiuf (D:4)
  2 centaur skeletons
  3 giant frog skeletons
  3 iguanas
  Natasha (thrice) (D:4)
  10 worker ants
  A killer bee zombie (D:10)
  A hound zombie (D:7)
  Robin (D:4)
  15 adders
  11 gnolls
  2 river rats (D:8)
  2 shadow imps
  An ooze (D:3)
  5 adder skeletons
  An adder zombie (D:5)
  A worm (D:3)
  4 dart slugs
  6 giant geckos
  91 orcs
  3 bats
  5 giant cockroaches
  11 goblins
  7 hobgoblins
  14 jackals
  4 quokkas
  2 ball pythons
  A giant gecko zombie (D:6)
  6 giant newts
  23 kobolds
  7 rats
655 creatures vanquished.

Vanquished Creatures (others)
  A slave (D:9)
  An orc wizard (D:10)
  A fungus (D:8)
  A plant (D:8)
4 creatures vanquished.

Grand Total: 659 creatures vanquished

Notes
Turn   | Place    | Note
--------------------------------------------------------------
     0 | D:1      | senseless the Minotaur Fighter began the quest for the Orb.
     0 | D:1      | Reached XP level 1. HP: 19/19 MP: 0/0
    98 | D:1      | Reached XP level 2. HP: 27/27 MP: 1/1
   395 | D:1      | Reached XP level 3. HP: 33/33 MP: 2/2
  1158 | D:2      | Reached skill level 1 in Dodging
  1161 | D:2      | Reached XP level 4. HP: 40/40 MP: 3/3
  1197 | D:2      | Found a radiant altar of Vehumet.
  1214 | D:2      | Reached skill level 3 in Axes
  1267 | D:2      | Found a burning altar of Makhleb.
  1406 | D:3      | Found a blossoming altar of Fedhas.
  1440 | D:3      | Found a faded altar to an unknown god.
  1800 | D:4      | Reached XP level 5. HP: 47/47 MP: 4/4
  1814 | D:4      | Got a faintly humming helmet
  1841 | D:4      | Found an ancient bone altar of Kikubaaqudgha.
  1852 | D:4      | Noticed Natasha
  1857 | D:4      | Killed Natasha
  1925 | D:4      | Noticed Robin
  1944 | D:4      | Killed Robin
  1944 | D:4      | Reached skill level 5 in Shields
  2075 | D:4      | Reached skill level 5 in Armour
  2075 | D:4      | Reached XP level 6. HP: 49/53 MP: 5/5
  2135 | D:4      | Reached skill level 4 in Axes
  2161 | D:4      | Found an oddly glowing altar of Pakellas.
  2243 | D:4      | Noticed Crazy Yiuf
  2249 | D:4      | Killed Crazy Yiuf
  2281 | D:4      | Found Vader's Gadget Shop.
  2342 | D:4      | Found Pilor's Assorted Antiques.
  2360 | D:4      | Noticed Natasha
  2380 | D:4      | Killed Natasha
  2387 | D:4      | Noticed Natasha
  2395 | D:4      | Killed Natasha
  2554 | D:4      | Found a basalt altar of Yredelemnul.
  2583 | D:4      | Noticed Grinder
  2585 | D:4      | Paralysed by Grinder for 4 turns
  2599 | D:4      | Paralysed by Grinder for 4 turns
  2614 | D:4      | Killed Grinder
  2614 | D:4      | Reached skill level 5 in Fighting
  2614 | D:4      | Reached XP level 7. HP: 28/61 MP: 6/6
  2677 | D:4      | Found a shimmering altar of Xom.
  2744 | D:5      | Entered Level 5 of the Dungeon
  2854 | D:5      | Reached skill level 5 in Axes
  3229 | D:5      | Reached XP level 8. HP: 50/70 MP: 7/7
  3250 | D:5      | Reached skill level 6 in Axes
  3392 | D:5      | Found a shadowy altar of Dithmenos.
  3976 | D:6      | Found Waytopn's Magic Scroll Shoppe.
  4070 | D:6      | Reached skill level 1 in Stealth
  4122 | D:6      | Found a deep blue altar of Sif Muna.
  4181 | D:6      | Reached skill level 7 in Axes
  4184 | D:6      | Found a sacrificial altar of Ru.
  4243 | D:6      | Found a glowing golden altar of the Shining One.
  4316 | D:6      | Found Joraig's Assorted Antiques.
  4317 | D:6      | Noticed a troll
  4326 | D:6      | Killed a troll
  4413 | D:6      | Found an iron altar of Okawaru.
  4421 | D:6      | Became a worshipper of Warmaster Okawaru
  4491 | D:7      | Reached XP level 9. HP: 70/79 MP: 8/8
  4642 | D:7      | Found Rusk's Gadget Boutique.
  4701 | D:7      | Found Quirgh's Distillery.
  4838 | D:7      | Found a staircase to the Ecumenical Temple.
  4869 | D:7      | Found Laer's Jewellery Shop.
  4877 | D:7      | Bought a +3 ring of evasion for 273 gold pieces
  4898 | D:7      | Noticed a rust devil
  5085 | D:7      | Noticed an angel
  5095 | D:7      | Reached * piety under Okawaru
  5145 | D:7      | Found Loaga's Distillery.
  5253 | D:7      | Noticed a kobold demonologist
  5254 | D:7      | Reached skill level 8 in Axes
  5259 | D:7      | Noticed a sixfirhy
  5266 | D:7      | Noticed a red devil
  5274 | D:7      | Killed a kobold demonologist
  5525 | D:8      | Reached ** piety under Okawaru
  5536 | D:8      | Reached skill level 9 in Axes
  5536 | D:8      | Reached XP level 10. HP: 40/90 MP: 6/9
  5538 | D:8      | Reached skill level 10 in Shields
  5547 | D:8      | Reached *** piety under Okawaru
  5576 | D:8      | Reached skill level 5 in Dodging
  5592 | D:8      | Reached skill level 10 in Axes
  5802 | D:8      | Found a staircase to the Lair.
  5963 | D:8      | Found Ohyg's Food Emporium.
  5974 | D:8      | Reached **** piety under Okawaru
  6005 | D:8      | Noticed Erolcha
  6020 | D:8      | Killed Erolcha
  6198 | D:8      | Got a ruby-studded ring mail
  6465 | D:8      | Got a distressingly furry ring mail
  6849 | D:9      | Noticed a centaur warrior
  6864 | D:9      | Killed a centaur warrior
  6864 | D:9      | Reached ***** piety under Okawaru
  6864 | D:9      | Reached XP level 11. HP: 92/97 MP: 10/10
  6917 | D:9      | Received a gift from Okawaru
  6917 | D:9      | Reached skill level 11 in Axes
  7479 | D:9      | Found a glowing silver altar of Zin.
  7515 | D:9      | Received a gift from Okawaru
  7557 | D:9      | Noticed Pikel
  7565 | D:9      | Killed Pikel
  8155 | D:10     | Entered Level 10 of the Dungeon
  8385 | D:10     | Noticed a hill giant
  8401 | D:10     | Killed a hill giant
  8809 | D:10     | Noticed a hill giant
  8820 | D:10     | Killed a hill giant
  8899 | D:10     | Noticed an orc knight
  8900 | D:10     | Found a staircase to the Orcish Mines.
  8916 | D:10     | Killed an orc knight
  9215 | D:11     | Noticed Joseph
  9236 | D:11     | Killed Joseph
  9359 | D:11     | Found a labyrinth entrance.
  9371 | Lab      | Entered a labyrinth
  9615 | Lab      | Noticed a minotaur
  9628 | Lab      | Killed a minotaur
  9628 | Lab      | Reached skill level 10 in Fighting
  9628 | Lab      | Reached skill level 12 in Axes
  9644 | Lab      | Identified Caofikas's Collected Works on Dusty Poisoning (You found it in a labyrinth)
  9645 | Lab      | Got an ancient cloak
  9656 | Lab      | Identified the +0 cloak of Greed {Int+2 Slay+2} (You found it in a labyrinth)
  9677 | D:11     | Noticed a hill giant
  9691 | D:11     | Killed a hill giant
  9918 | D:11     | Gained mutation: You are occasionally teleported next to monsters. [potion of mutation]
  9918 | D:11     | Gained mutation: Your mind is acute. (Int +2) [potion of mutation]
  9918 | D:11     | Gained mutation: You are resistant to electric shocks. [potion of mutation]
  9919 | D:11     | Gained mutation: Your magical capacity is low (-10% MP). [potion of mutation]
  9919 | D:11     | Gained mutation: You have sharp toenails. [potion of mutation]
  9919 | D:11     | Lost mutation: Your magical capacity is low (-10% MP). [potion of mutation]
  9920 | D:11     | Lost mutation: You have sharp toenails. [potion of cure mutation]
  9920 | D:11     | Lost mutation: You are resistant to electric shocks. [potion of cure mutation]
  9920 | D:11     | Lost mutation: You are occasionally teleported next to monsters. [potion of cure mutation]
  9920 | D:11     | Lost mutation: Your mind is acute. (Int +2) [potion of cure mutation]
 10097 | D:11     | Noticed a green ugly thing
 10109 | D:11     | Killed a green ugly thing
 10143 | D:11     | Noticed a purple ugly thing
 10154 | D:11     | Killed a purple ugly thing
 10154 | D:11     | Received a gift from Okawaru
 10154 | D:11     | Reached skill level 10 in Armour
 10161 | D:11     | Got a pitted broad axe {god gift}
 10162 | D:11     | Identified the +8 broad axe of Distant Worlds {antimagic, Dex+9} (Okawaru gifted it to you on level 11 of the Dungeon)
 10210 | D:11     | Reached XP level 12. HP: 106/106 MP: 3/11
 10668 | D:12     | Noticed Nergalle
 10683 | D:12     | Killed Nergalle
 10740 | D:12     | Noticed Frances
 10761 | D:12     | Killed Frances
 10900 | D:12     | Reached skill level 13 in Axes
 10918 | D:12     | Noticed Josephine
 10922 | D:12     | Killed Josephine
 11010 | D:12     | Noticed Sonja
 11032 | D:12     | Killed Sonja
 11118 | D:12     | Noticed Ferkelamun's ghost (journeyman CeHu)
 11154 | D:12     | Killed Ferkelamun's ghost
 11154 | D:12     | Received a gift from Okawaru
 11195 | D:12     | Found a blossoming altar of Fedhas.
 11308 | D:12     | Reached ****** piety under Okawaru
 11312 | D:12     | Reached skill level 14 in Axes
 11524 | D:13     | Noticed a tengu warrior
 11547 | D:13     | Killed a tengu warrior
 11642 | D:13     | Reached XP level 13. HP: 116/116 MP: 4/12
 11731 | D:13     | Received a gift from Okawaru
 12257 | D:14     | Noticed a vault guard
 12442 | D:14     | Reached skill level 15 in Axes
 12452 | D:14     | Received a gift from Okawaru
 12734 | D:14     | Noticed a vault guard
 12873 | D:14     | Noticed a vault guard
 12893 | D:14     | Killed a vault guard
 12893 | D:14     | Reached skill level 15 in Shields
 13309 | D:14     | Killed a vault guard
 13318 | D:14     | Found a gate to the Vaults.
 13319 | D:14     | Noticed a vault guard
 13339 | D:14     | Killed a vault guard
 13356 | D:14     | Killed a vault guard
 13556 | D:15     | Entered Level 15 of the Dungeon
 13599 | D:15     | Reached XP level 14. HP: 127/127 MP: 4/13
 13632 | D:15     | Reached skill level 16 in Axes
 13638 | D:15     | Received a gift from Okawaru
 14225 | D:15     | Found a staircase to the Depths.
 14605 | Orc:1    | Entered Level 1 of the Orcish Mines
 14843 | Orc:1    | Noticed an orc warlord
 14873 | Orc:1    | Killed an orc warlord
 14990 | Orc:1    | Found a roughly hewn altar of Beogh.
 15017 | Orc:1    | Noticed Erica
 15159 | Orc:1    | Noticed Maurice
 15170 | Orc:1    | Killed Maurice
 15175 | Orc:1    | Killed Erica
 15543 | Orc:2    | Entered Level 2 of the Orcish Mines
 15543 | Orc:2    | Found a staircase to the Elven Halls.
 15554 | Orc:2    | Noticed Rupert
 15568 | Orc:2    | Killed Rupert
 15568 | Orc:2    | Received a gift from Okawaru
 15568 | Orc:2    | Reached skill level 17 in Axes
 15704 | Orc:2    | Found Nifamuqusy's Magic Scroll Boutique.
 15713 | Orc:2    | Found Duachad's Food Shop.
 15756 | Orc:2    | Bought a scroll of enchant armour for 112 gold pieces
 15756 | Orc:2    | Bought a scroll of enchant armour for 112 gold pieces
 15888 | Orc:2    | Paralysed by an orc sorcerer for 2 turns
 16423 | Orc:2    | Reached XP level 15. HP: 132/138 MP: 4/14
 16424 | Orc:2    | Found Xafre's Gadget Emporium.
 16424 | Orc:2    | Found Topnias's Antique Armour Shoppe.
 16424 | Orc:2    | Found a one-way gate leading to the halls of Pandemonium.
 16842 | Pan      | Entered Pandemonium
 16878 | Pan      | Received a gift from Okawaru
 16897 | Pan      | HP: 5/139 [something (15)]
 16923 | Pan      | Noticed a Tzitzimitl
 16943 | Pan      | Killed from afar by a Tzitzimitl

Skill      XL: |  1  2  3  4  5  6  7  8  9 10 11 12 13 14 |
---------------+-------------------------------------------+-----
Armour         | 4 5 6 7 8 10 11 | 11.8
Shields        | 4 5 6 8 9 11 12 14 15 16 | 16.5
Fighting       | 4 5 6 7 8 9 10 11 12 14 | 14.5
Dodging        | 1 2 3 4 5 6 7 8 |  8.4
Axes           | 3 4 5 7 9 10 12 14 15 17 | 17.8
Stealth        | 1 |  1.7
Invocations    | |  0.2

Action                   |  1- 3 |  4- 6 |  7- 9 | 10-12 | 13-15 || total
-------------------------+-------+-------+-------+-------+-------++-------
Melee: War axe           |   108 |   149 |   255 |   527 |       ||  1039
       Headbutt          |    12 |    21 |    53 |   148 |   261 ||   495
       Broad axe         |       |       |       |   221 |   749 ||   970
Invok: Heroism           |       |       |     1 |       |       ||     1
  Use: Scroll            |       |       |    19 |     4 |     5 ||    28
       Potion            |       |       |     1 |    13 |     4 ||    18
  Eat: Chunk             |     1 |     5 |    23 |    26 |    18 ||    73
Armor: Scale mail        |    56 |       |       |       |       ||    56
       Chain mail        |    11 |    79 |    78 |       |       ||   168
       Storm dragon armo |       |       |    49 |   184 |   143 ||   376
Dodge: Dodged            |    25 |    33 |    59 |   172 |   206 ||   495
Block: Shield            |    56 |    52 |       |       |       ||   108
       Large shield      |       |    32 |   257 |   640 |   661 ||  1590
